 Dungeon Crawl Stone Soup version 0.23.2-1-ga50397a (webtiles) character file.

Game seed: 3119650960664518384

1701 xveg the Chopper (level 8, 0/105 HPs)
             Began as a Minotaur Gladiator on May 8, 2019.
             Was a Follower of Trog.
             Slain by a red devil
             ... wielding a +0 trident
             ... summoned by a kobold demonologist
              (14 damage)
             ... on level 6 of the Dungeon.
             The game lasted 00:19:13 (5912 turns).

xveg the Chopper (Minotaur Gladiator)               Turns: 5912, Time: 00:19:13

Health: 0/105      AC:  7    Str: 27    XL:     8   Next: 73%
Magic:  7/7        EV: 14    Int:  7    God:    Trog [*.....]
Gold:   301        SH:  0    Dex: 11    Spells: 7/7 levels left

rFire    . . .     SeeInvis .   a - +5 great mace
rCold    + . .     Gourm    .   (shield currently unavailable)
rNeg     . . .     Faith    .   q - +1 leather armour {rC+}
rPois    .         Spirit   .   c - +0 hat
rElec    .         Reflect  .   y - +0 cloak
rCorr    .         Harm     .   (no gloves)
MR       .....                  (no boots)
Stlth    ..........             (no amulet)
HPRegen  0.27/turn              m - +2 ring of protection
MPRegen  0.10/turn              n - +2 ring of intelligence

@: berserking, very quick
A: retaliatory headbutt, horns 2
a: Berserk, Renounce Religion


You were on level 6 of the Dungeon.
You worshipped Trog.
Trog was aware of your devotion.
You were near starving.

You visited 1 branch of the dungeon, and saw 6 of its levels.

You collected 301 gold pieces.

Inventory:

Hand Weapons
 a - a +5 great mace (weapon)
 b - a +0 hunting sling
 k - a +0 flail of protection
 v - a +0 war axe
 D - a +0 glaive
 E - a cursed -3 longbow
Missiles
 o - 138 stones (quivered)
 u - 27 sling bullets
Armour
 c - a +0 hat (worn)
 q - a +1 leather armour of cold resistance (worn)
 t - a +0 leather armour
 y - a +0 cloak (worn)
 C - a +0 shield
Jewellery
 m - a +2 ring of protection (left hand)
 n - a +2 ring of intelligence (right hand)
Wands
 p - a wand of scattershot (2)
 F - a wand of enslavement (6)
 G - a wand of flame (15)
Scrolls
 d - a scroll of enchant weapon {unknown}
 g - 10 scrolls of identify
 h - 6 scrolls of teleportation
 j - 5 scrolls of remove curse
 x - 2 scrolls of blinking
Potions
 e - a potion of lignification {unknown}
 i - a potion of flight {unknown}
 l - 2 potions of heal wounds {unknown}
 r - a potion of might {unknown}
 s - a potion of curing {unknown}
 z - a potion of agility {unknown}
 A - a potion of brilliance {unknown}
 B - a potion of mutation {unknown}
Comestibles
 f - 7 rations


   Skills:
 + Level 6.1 Fighting
 + Level 7.4(8.8) Axes
 + Level 7.2(8.7) Maces & Flails
 + Level 1.9(2.6) Slings
 + Level 2.4(2.7) Throwing
 + Level 3.7 Armour
 + Level 5.2 Dodging
 + Level 0.7 Stealth


You had 7 spell levels left.
You didn't know any spells.
Your spell library was empty.

Dungeon Overview and Level Annotations

Branches:
Dungeon (6/15)             Temple (0/1) D:4

Altars:
Ashenzari
Cheibriados
Gozag
Makhleb
Okawaru
Ru
Trog
Vehumet
Xom
The Shining One

Annotations:
D:6 1 transporter


Innate Abilities, Weirdness & Mutations

You reflexively headbutt those who attack you in melee.
You have a pair of horns on your head.


Message History

The shadow imp closely misses you.
Okay, then.
Do you really want to go berserk while wielding your +0 hunting sling?
Okay, then.
Unknown command.
a - a +5 great mace (weapon)
The kobold demonologist gestures wildly while chanting.
The hellwing barely misses you. The hellwing hits you.
* * * LOW HITPOINT WARNING * * *
The kobold demonologist looks braver for a moment.
A red film seems to cover your vision as you go berserk!
You feel yourself moving faster!
You feel mighty!
You are near starving!
The shadow imp barely misses you. You furiously retaliate!
You headbutt the shadow imp!
You kill the shadow imp!
The hellwing barely misses you. The hellwing completely misses you.
The kobold demonologist gestures wildly while chanting.
The red devil hits you from afar with a +0 trident!
You die...

########.####+####.#
#.#.≈...≈.#.#
###########.#.≈...≈.#.#
.....<......#.≈P≈P≈.#.#
###########.#.≈≈♣≈≈.#.#
#.#5≈≈P4≈o#.#
#.#K≈4..≈5#.#######
#.#o≈...≈K#.......#
####
#.####@####.#####.#
...# #.#P...4.P#.# #.#
##.# #.#8P.©.P8#.# #.#
#.# #.#########.# #.#
#.# #.....©.....# #.#
#.# ##.#....##### #.#
#.# #.#...## #.### #.#
#.#.### #.†.# #.#
#.#.##############.#


You could see 2 hellwings, 2 kobold demonologists, a red devil, an iron imp, 2
orc priests and a shadow imp.

Vanquished Creatures
  The ghost of Alter the Skirmisher, an amateur OgBe of Trog (D:3)
  2 sky beasts (D:5)
  A phantom (D:6)
  5 ogres
  A bullfrog (D:6)
  2 scorpions
  2 howler monkeys
  3 wights (D:6)
  A crimson imp (D:6)
  2 bullfrog zombies (D:6)
  A jelly (D:5)
  A centaur zombie (D:6)
  A bullfrog skeleton (D:4)
  An orc wizard (D:3)
  Ijyb (D:3)
  2 worker ants (D:6)
  2 hound zombies (D:5)
  A worker ant zombie (D:5)
  6 adders
  2 shadow imps (D:6)
  2 oozes
  An adder skeleton (D:4)
  3 worms
  4 dart slugs
  2 leopard geckos
  16 orcs
  2 ball pythons
  8 bats
  5 giant cockroaches
  6 hobgoblins
  20 jackals
  4 quokkas
  5 frilled lizards
  5 goblins
  A jackal skeleton (D:4)
  6 kobolds
  A leopard gecko zombie (D:5)
  A quokka skeleton (D:5)
  A quokka zombie (D:5)
  3 rats
134 creatures vanquished.

Vanquished Creatures (collateral kills)
  A shadow imp (D:6)
1 creature vanquished.

Grand Total: 135 creatures vanquished

Notes
Turn   | Place    | Note
-------+----------+-------------------------------------------
     0 | D:1      | xveg the Minotaur Gladiator began the quest for the Orb.
     0 | D:1      | Reached XP level 1. HP: 18/18 MP: 0/0
    91 | D:1      | Reached XP level 2. HP: 20/25 MP: 1/1
  1018 | D:2      | Reached XP level 3. HP: 28/30 MP: 2/2
  1022 | D:2      | Reached skill level 1 in Armour
  1063 | D:2      | Found an opulent altar of Gozag.
  1376 | D:2      | Reached XP level 4. HP: 36/38 MP: 3/3
  1601 | D:3      | Found a radiant altar of Vehumet.
  1621 | D:3      | Found a shimmering altar of Xom.
  2005 | D:3      | Reached skill level 5 in Axes
  2011 | D:3      | Found a transporter.
  2024 | D:3      | Reached XP level 5. HP: 44/45 MP: 4/4
  2042 | D:3      | Noticed Alter's ghost (amateur OgBe)
  2044 | D:3      | Found a transporter.
  2044 | D:3      | Noticed an ogre
  2045 | D:3      | Noticed an ogre
  2118 | D:3      | Noticed Ijyb
  2127 | D:3      | Killed Ijyb
  2487 | D:3      | Found a bloodstained altar of Trog.
  2500 | D:3      | Became a worshipper of Trog the Wrathful
  2647 | D:3      | Killed Alter's ghost
  2647 | D:3      | Reached XP level 6. HP: 49/52 MP: 5/5
  3049 | D:4      | Reached XP level 7. HP: 60/60 MP: 6/6
  3288 | D:4      | Reached skill level 1 in Maces & Flails
  3295 | D:4      | Reached skill level 5 in Fighting
  3388 | D:4      | Found a snail-covered altar of Cheibriados.
  3502 | D:4      | Found a sacrificial altar of Ru.
  3567 | D:4      | Found a burning altar of Makhleb.
  3573 | D:4      | Found a shattered altar of Ashenzari.
  3797 | D:4      | Found a staircase to the Ecumenical Temple.
  3874 | D:5      | Entered Level 5 of the Dungeon
  4063 | D:5      | Reached skill level 1 in Slings
  4248 | D:5      | Found an iron altar of Okawaru.
  4281 | D:5      | Reached XP level 8. HP: 39/69 MP: 7/7
  4282 | D:5      | Found a glowing golden altar of the Shining One.
  4455 | D:5      | Reached * piety under Trog
  4574 | D:5      | Reached skill level 5 in Maces & Flails
  4926 | D:6      | Reached skill level 5 in Dodging
  5162 | D:6      | Found a transporter.
  5164 | D:6      | Noticed a kobold demonologist
  5189 | D:6      | Found a transporter.
  5199 | D:6      | Noticed a kobold demonologist
  5523 | D:6      | Found a shattered altar of Ashenzari.
  5883 | D:6      | Noticed an orange demon
  5906 | D:6      | Noticed a hellwing
  5912 | D:6      | Noticed a red devil
  5912 | D:6      | Slain by a red devil

Skill      XL: |  1  2  3  4  5  6  7  8 |
---------------+-------------------------+-----
Axes           | 4 5 6 7 |  7.4
Fighting       | 3 4 5 6 |  6.1
Armour         | 1 2 3 |  3.7
Dodging        | 4 5 |  5.2
Maces & Flails | 4 7 |  7.2
Slings         | 1 |  1.9
Throwing       | |  2.4
Stealth        | |  0.7

Action                   |  1- 3 |  4- 6 |  7- 9 || total
-------------------------+-------+-------+-------++-------
Melee: War axe           |    85 |    69 |     2 ||   156
       Headbutt          |    15 |    16 |    28 ||    59
       Great mace        |       |     9 |   117 ||   126
 Fire: Hunting sling     |       |       |    16 ||    16
Throw: Throwing net      |       |     1 |     4 ||     5
Invok: Berserk           |       |       |     1 ||     1
Evoke: Wand              |       |       |     5 ||     5
  Use: Scroll            |       |     8 |     3 ||    11
  Eat: Chunk             |     1 |       |     4 ||     5
       Ration            |       |     2 |     1 ||     3
Armor: Leather armour    |    24 |    24 |    54 ||   102
Dodge: Dodged            |    59 |    65 |   101 ||   225
